 Dungeon Crawl Stone Soup version 0.18.1-50-g88ac8fd (webtiles) character file.

38 Gargoyl the Skirmisher (level 3, -2/29 HPs)
             Began as a Demonspawn Abyssal Knight on Oct 18, 2016.
             Was a Follower of Lugonu.
             Slain by Natasha (8 damage)
             ... on level 3 of the Dungeon.
             The game lasted 00:02:01 (1565 turns).

Gargoyl the Skirmisher (Demonspawn Abyssal Knight)  Turns: 1565, Time: 00:02:01

Health: -2/29      AC:  3    Str: 13    XL:     3   Next: 25%
Magic:  5/5        EV: 10    Int: 13    God:    Lugonu [*.....]
Gold:   49         SH:  3    Dex: 12    Spells: 0 memorised, 2 levels left

rFire  . . .     SeeInvis .     a - +1 hand axe
rCold  . . .     Gourm    .     b - +0 leather armour
rNeg   . . .     Faith    .     d - +0 buckler
rPois  .         Spirit   .     (helmet restricted)
rElec  .         Dismiss  .     (no cloak)
rCorr  .         Reflect  .     (no gloves)
SustAt .         Harm     .     (no boots)
MR     .....                    (no amulet)
Stlth  ++........               (no ring)
                                (no ring)

@: not resistant to hostile enchantments, unstealthy
A: horns 1, nightstalker 1
a: Depart the Abyss, Renounce Religion


You were on level 3 of the Dungeon.
You worshipped Lugonu.
Lugonu was aware of your devotion.
You were not hungry.

You visited 1 branch of the dungeon, and saw 3 of its levels.
You visited the Abyss 1 time.

You collected 49 gold pieces.

Inventory:

Hand Weapons
 a - a +1 hand axe (weapon)
Armour
 b - a +0 leather armour (worn)
 d - a +0 buckler (worn)
Scrolls
 e - 2 scrolls of remove curse {unknown}
 g - a scroll of immolation {unknown}
 j - 2 scrolls of teleportation {unknown}
 k - a scroll of enchant weapon {unknown}
 l - a scroll of recharging {unknown}
 m - 2 scrolls of identify {unknown}
Potions
 f - a potion of resistance {unknown}
 i - a potion of might {unknown}
Comestibles
 c - 3 bread rations
 h - a beef jerky
 n - 2 chunks of flesh
 o - a meat ration


   Skills:
 + Level 3.3 Fighting
 + Level 2.2 Axes
 * Level 2.2 Armour
 + Level 1.1 Dodging
 + Level 0.3 Shields
 * Level 3.0 Invocations


You had 2 spell levels left.
You didn't know any spells.

Dungeon Overview and Level Annotations

Branches:
Dungeon (3/15)

Altars:
Makhleb

Annotations:
D:2 Sigmund
D:3 Natasha


Innate Abilities, Weirdness & Mutations

You have a pair of small horns on your head.
You are slightly more attuned to the shadows.


Message History

Natasha glows brightly for a moment.
Natasha barely misses you.
A giant newt comes into view.
Sigmund gestures wildly while chanting.
Sigmund flickers and vanishes!
Deactivating autopickup; reactivate with Ctrl-A.
Natasha claws you.
There is a stone staircase leading down, spattered with blood here.
You block something's attack. You block Natasha's attack.
You climb downwards.
Found a scroll labeled COTIH MEROP.
There is a stone staircase leading up here.
You closely miss Natasha. You headbutt Natasha.
Natasha is moderately wounded.
Natasha claws you!
* * * LOW HITPOINT WARNING * * *
You closely miss Natasha. Your headbutt misses Natasha.
Natasha is moderately wounded.
Natasha claws you!
You die...

.# # .#.#
#.#.# # ?...
#. ##..#
##..#...####
#....@.....+
#.....h.####
#.#.#..## #
#.#.## # #.#
..# ###


You could see Natasha.

Vanquished Creatures
  A gnoll (D:1)
  An ooze (D:2)
  A worm (D:2)
  A ball python (D:1)
  A giant cockroach (D:2)
  2 goblins (D:1)
  2 hobgoblins
  2 kobolds (D:1)
  6 bats
  7 rats (D:1)
24 creatures vanquished.

Notes
Turn   | Place    | Note
--------------------------------------------------------------
     0 | Abyss:1  | Gargoyl the Demonspawn Abyssal Knight began the quest for the Orb.
     0 | Abyss:1  | Reached XP level 1. HP: 18/18 MP: 2/2
    43 | D:1      | Escaped the Abyss
   324 | D:1      | Reached * piety under Lugonu
   347 | D:1      | Reached skill level 1 in Dodging
   352 | D:1      | Gained mutation: You are slightly more attuned to the shadows. [demonic ancestry]
   352 | D:1      | Reached XP level 2. HP: 20/24 MP: 4/4
  1154 | D:2      | Gained mutation: You have a pair of small horns on your head. [demonic ancestry]
  1154 | D:2      | Reached XP level 3. HP: 22/29 MP: 5/5
  1380 | D:2      | Found a burning altar of Makhleb.
  1380 | D:2      | Noticed a green death
  1556 | D:2      | Noticed Natasha
  1558 | D:2      | Noticed Sigmund
  1565 | D:3      | Slain by Natasha

Skill      XL: |  1  2  3 |
---------------+----------+-----
Armour         | 2 |  2.2
Dodging        | 1 |  1.1
Axes           | 2 |  2.2
Invocations    | 3 |  3.0
Fighting       | |  3.3
Shields        | |  0.3

Action                   || total
-------------------------++-------
Melee: Hand axe          ||    76
       Headbutt          ||     3
Invok: Depart the Abyss  ||     1
 Stab: Sleeping          ||     1
  Eat: Chunk             ||     2
Armor: Leather armour    ||    32
Dodge: Dodged            ||    62
Block: Buckler           ||    17
